 Dungeon Crawl Stone Soup version 0.28-a0-429-g1448048969 (webtiles) character file.

Game seed: 12224374889032242187

24 Sargento the Ruffian (level 2, -2/29 HPs)
             Began as a Troll Monk on Sept 10, 2021.
             Slain by Terence (18 damage)
             ... on level 1 of the Dungeon.
             The game lasted 00:07:26 (853 turns).

Sargento the Ruffian (Troll Monk)                    Turns: 853, Time: 00:07:28

Health: -2/29      AC:  5    Str: 18    XL:     2   Next: 79%
Magic:  1/1        EV: 10    Int:  6    God:
Gold:   20         SH:  0    Dex: 12    Spells: 1/1 levels left

rFire   . . .      SeeInvis .     - Unarmed
rCold   . . .      Faith    .   (no shield)
rNeg    . . .      Spirit   .   a - +0 robe
rPois   .          Reflect  .   (helmet restricted)
rElec   .          Harm     .   c - +0 cloak {Stlth+}
rCorr   .          Rampage  .   (gloves unavailable)
Will    .....                   (boots unavailable)
Stlth   +++.......              (no amulet)
HPRegen 1.09/turn               (no ring)
MPRegen 0.07/turn               (no ring)

@: no status effects
A: large, unfitting armour, claws 3, regeneration 1, shaggy fur 1, tough skin 1
a: no special abilities


You were on level 1 of the Dungeon.
You visited 1 branch of the dungeon, and saw 2 of its levels.

You collected 20 gold pieces.


Innate Abilities, Weirdness & Mutations

You are too large for most types of armour.
You have claws for hands.
Your natural rate of healing is unusually fast.
You are covered in fur. (AC +1)
You have tough skin. (AC +1)


   Skills:
 + Level 2.6 Fighting
 + Level 2.7 Dodging
 + Level 1.2 Stealth
 + Level 3.3 Unarmed Combat


You had one spell level left.
You didn't know any spells.
Your spell library contained the following spells:

 Spells                   Type           Power      Damage    Failure   Level
 Magic Dart               Conj           0%         1d3       45%         1
 Call Imp                 Summ           0%         N/A       58%         2
 Mephitic Cloud           Conj/Pois/Air  0%         N/A       83%         3

Inventory:

Armour
 a - a +0 robe (worn)
 c - a +0 cloak of stealth (worn)
   (You found it on level 1 of the Dungeon)
 f - a +2 pair of gloves
   (You found it on level 1 of the Dungeon)
Scrolls
 b - 2 scrolls of blinking {!r, unknown}
 e - a scroll of identify {!r, unknown}
Potions
 d - a potion of heal wounds {unknown}
 g - 2 potions of curing {unknown}
 h - a potion of brilliance {unknown}

Dungeon Overview and Level Annotations

Branches:
Dungeon (2/15)

Altars:

Annotations:
D:1 Terence

##.............B>####...........#
................@@.##.#..........
##...............................
#######...#####........##.......
# #.........##.........####. #
#...########.....##.###... #
#...# #.....##.###... #
#...###### #............÷# #
######........# ###.###.......≈ #
#.......##.##.# #.......##.##
###.####..#.#.#.#########...##.#≈
#....##...###......# ###.##.#≈
#..#.##..## ##.###.# #....#≈
#..#....## ##.##.# ###...#
#......(.## ##.###.# #...#
##.######..###.## #.# #.... ...#
#.#.#.#####.### #....


You could see Terence and a giant cockroach.


Message History

Found 12 arrows!
A jackal comes inta view!
Tha jackal barely misses ye!
Ye eviscerate tha jackal!
Ye annihilate tha jackal!!!
A jackal comes inta view!
Tha helpless jackal fails ta butt itself!
Ye eviscerate tha jackal but do nay damage!
Tha jackal bites ye but does nay damage! x2
Ye eviscerate tha jackal!!!
Ye annihilate tha jackal!!!
Ye see 'ere a jackal corpse!
Found 6 gold pieces!
Ye now haf 6 gold pieces!
b - a scroll labelled TUFESK WAIMUA {!!.r}
c - a +0 cloak o' stealth Ye finish puttin' on yer +0 cloak o' stealth!
Ye feel stealthy!
A giant cockroach comes inta view!
Tha helpless giant cockroach fails ta defend itself!
Ye eviscerate tha giant cockroach but do nay damage!
Tha giant cockroach bites ye but does nay damage!
Ye eviscerate tha giant cockroach!
Ye annihilate tha giant cockroach!!!
Ye haf reached level 2!!!
d - a bubblin' cyan potion
e - a scroll labelled AWETRA INAE {!!.r}
Found a faded altar o' an butt god!
Thar be a faded altar o' an unknown god 'ere!
Thar be a faded altar o' an unknown god 'ere!
Ye cannae tell which god 'tis altar belongs ta!
Convert ta 'em anyway?
Okay, than!
A quokka comes inta view!
Unknown command!
Ye eviscerate tha quokka!!!
Ye annihilate tha quokka!!!
Found a stone butt leadin' down!
Thar be a stone staircase leadin' down 'ere!
An endoplasm comes inta view!
f - a +2 pair o' gloves 'tis butt be too small fer ye!!!
A frilled lizard comes inta view!
Ye eviscerate tha endoplasm!
Tha endoplasm be moderately wounded!
Tha endoplasm freezes ye!
Ye be froz'n!
Damage: -17%(-5hp) hp: 83%(24hp) Ye eviscerate tha endoplasm!
Tha endoplasm be heavily wounded!
Tha endoplasm freezes ye!
Ye be froz'n!
Ye eviscerate tha endoplasm!!!
Ye annihilate tha endoplasm!!!
Unknown command!
Tha frilled lizard hisses angrily!
Tha frilled lizard closely misses ye!
Ye miss tha frilled lizard!
Tha frilled lizard bites ye but does nay damage!
Ye closely miss tha frilled butt!
Tha frilled lizard barely misses ye!
Ye miss tha frilled lizard!
Tha frilled lizard closely misses ye!
Ye closely miss tha frilled lizard!
Ye eviscerate tha butt lizard!!!
Ye annihilate tha frilled lizard!!!
Ye see 'ere a frilled lizard corpse!
A hobgoblin comes inta view!
Tha hobgoblin shouts!!!
Tha hobgoblin closely misses ye!
Ye eviscerate tha hobgoblin but do nay damage!
Tha butt closely misses ye!
Ye eviscerate tha hobgoblin!!!
Ye annihilate tha hobgoblin!!!
Found 19 stones!
Found a scroll labelled TUFESK WAIMUA!
Found 2 butt brown potions!
Ye butt 'ere 19 stones!
g - 2 glowin' brown potions
b - 2 scrolls labelled TUFESK WAIMUA {!!.r} (gain'd 1)
Found 18 bolts!
Butt now haf 20 gold pieces (gain'd 14)!
h - a fumin' red potion
Found 18 stones!
Ye see 'ere 18 stones!
A rat comes inta view!
A rat be nearby!!!
A rat an' an endoplasm come inta view!
Tha helpless rat fails ta defend itself!
Ye eviscerate tha rat!!!
Ye annihilate tha rat!!!
Tha helpless endoplasm fails ta defend itself!
Ye eviscerate tha endoplasm!
Ye claw tha endoplasm!
Ye annihilate tha endoplasm!!!
Ye closely miss tha rat!
Ye claw tha rat!
Ye annihilate tha rat!!!
Thar be a butt staircase leadin' down 'ere!
Ye enter tha shallow water!
Butt in 'tis stuff be goin' ta be slow!
Done 'splorin'!
Done 'splorin'!
Ye see butt a frilled lizard skeleton!
Thar be a stone staircase butt down 'ere!
Ye dinnae know any spells!
Butt be an 'scape hatch in tha floor 'ere!
Ye slide downwards!
Tha hatch slams shut behind ye!
Found a cloak!
Found a stone staircase leadin' down an' a stone staircase leadin' up!
Ye eviscerate tha worm!
Tha worm be moderately wounded!
Ye eviscerate tha worm!
Tha worm be heavily wounded!
Tha worm bites ye!!!
* * * LOW HITPOINT WARNIN'
* * * Huge Dmg: -31%(-9hp) hp: 69%(20hp) Ye eviscerate tha worm!
Tha worm be severely wounded!
Terence shouts!!!
Ye eviscerate tha worm!!!
Ye annihilate tha worm!!!
A bat comes inta view!
Thar be a stone staircase leadin' down 'ere!
Yer library has nay spells!
Ye cannae go up 'ere!!!
Terence asks, "Do ye want it fast or slow?"
Found 11 gold pieces!
Tha bat be sucked inta a shaft!!!
Tha shaft crumbles an' collapses!
A giant cockroach comes inta view!
An endoplasm comes inta view!
Thar be a stone staircase leadin' up 'ere!
Ye climb upwards!
Thar be a stone staircase leadin' down 'ere!
Ye see 'ere 13 stones!
Thar be a stone staircase leadin' down 'ere!
Ye climb downwards!
Level annotation: Terence
Found a book o' Minor Magic!
Thar be a stone staircase leadin' up 'ere!
Found an 'scape hatch in tha ceilin'!
Tha worm bites ye!
Damage: -17%(-5hp) hp: 83%(24hp) Ye barely miss tha worm!
Ye barely miss tha worm!
Tha worm closely misses ye!
Ye barely miss tha worm!
Tha worm closely misses ye!
Ye eviscerate tha worm!
Tha worm be lightly wounded!
Ye barely miss tha worm!
Tha worm be lightly wounded!
Tha worm bites ye but does nay damage!
Ye eviscerate tha worm!!!
Tha worm be heavily wounded!
Ye barely miss tha worm!
Tha worm be heavily wounded!
Tha worm barely misses ye!
Ye eviscerate tha worm!
Tha worm be heavily wounded!
Ye eviscerate tha worm!
Tha worm be butt-ly wounded!
Tha worm barely misses ye!
Ye eviscerate tha worm!!!
Ye annihilate tha worm!!!
Found a stone staircase leadin' down!
A jackal comes inta view!
Tha jackal barks!!!
Ye see 'ere a book o' Butt Magic!
Ye pick up a book o' Minor Magic an' begin readin'!!!
Ye add tha spells Magic Dart, Call Imp an' Mephitic Cloud ta yer library!
Tha jackal bites ye but does nay damage!
Ye eviscerate tha jackal!
Tha jackal be moderately wounded!
Tha jackal butts ye but does nay damage!
Ye eviscerate tha jackal butt do nay damage!
Tha jackal be moderately wounded!
Tha jackal barely misses ye!
Tha jackal bites ye but does nay damage!
Ye eviscerate tha jackal!!!
Ye annihilate tha jackal!!!
Ye see 'ere a jackal corpse!
Found 30 stones!
Found 22 stones!
Terence shouts!!!
A frilled lizard comes inta view!
Tha giant cockroach closely misses ye!
Ye eviscerate Terence but do nay damage!
Tha giant cockroach misses ye!
Terence hits ye wit' a +5 hand axe o' electrocution!!!
Ye be electrocuted!!!
* * * LOW HITPOINT WARNIN'
* * * Huge Dmg: -68%(-20butt) hp: 32%(9hp) Tha giant cockroach barely misses ye!
Ye see 'ere 11 gold pieces!
Tha frilled lizard hisses!
Tha giant cockroach bites ye but does nay damage!
Terence barely misses ye!
Thar be a stone staircase leadin' up 'ere!
Tha giant cockroach closely misses ye!
Ye climb upwards!
Thar be a stone staircase leadin' down 'ere!
Tha giant cockroach closely misses ye!
Terence hits ye wit' a +5 butt axe o' electrocution!
* * * LOW HITPOINT WARNIN'
* * * Ye be electrocuted!!!!!!
Ouch!!!
Tha re'lly hurt!!!
Ye die!!!

Levels and vault maps discovered:
D:1:      amcnicky_arrival_blooded_trapdoor, layout_loops_cross,
          chequers_ecumenical_altar_grove, minivault_4
D:2:      layout_rooms, minmay_ruptured, uniq_terence

Notes
Turn   | Place    | Note
-------+----------+-------------------------------------------
     0 | D:1      | Sargento the Troll Monk began the quest for the Orb.
     0 | D:1      | Reached XP level 1. HP: 22/22 MP: 0/0
   156 | D:1      | Reached XP level 2. HP: 29/29 MP: 1/1
   291 | D:1      | Found a faded altar of an unknown god.
   760 | D:2      | Noticed Terence
   853 | D:1      | Slain by Terence

Vanquished Creatures
  2 worms (D:2)
  2 endoplasms (D:1)
  A giant cockroach (D:1)
  2 goblins (D:1)
  A hobgoblin (D:1)
  3 jackals
  A kobold (D:1)
  A quokka (D:1)
  A frilled lizard (D:1)
  2 rats (D:1)
16 creatures vanquished.

Action                   || total
-------------------------++-------
Melee: Unarmed           ||    43
       Punch             ||     2
 Stab: Sleeping          ||     4
Armor: Robe              ||     9
Dodge: Dodged            ||    19
